AoeStats
← 2204528

Arena

510804592Analyzed
3v3 RM · 15h ago on Oct 2, 2026· 52m 19s· 6 players
Game mode
Random Map
Map size
Normal (6 player)
Population
200
Speed
Normal
Resources
Standard
Victory
Conquest
Starting age
Dark Age
Ending age
Imperial Age
RankedLock teamsTeams togetherTeam positionsShared explorationLock speedFull tech treeHidden civsTurbo modeCheats
Victory
Defeat
🇨🇳 Jurchens · China
1134
+13
🇹🇷 Persians · Türkiye
1131
+13
🇪🇸 Celts · Spain
1119
+14
🇺🇸 Aztecs · United States
1099
-15
🇨🇦 Varangians · Canada
1070
-13
🇩🇪 Vietnamese · Germany
1045
-12
mcfly
10:59 Feudal Age
14:40 Castle Age
12:44 Double-Bit Axe
15:37 Squires
20:16 Arson
25:12 Loom
31:30 Sanctity
31:28 Pikeman
32:07 Horse Collar
34:01 Wheelbarrow
34:02 Bow Saw
37:46 Hand Cart
38:03 Scale Mail Armor
38:14 Forging
40:21 Chain Mail Armor
43:12 Imperial Age
41:28 Fortified Wall
41:34 Heavy Plow
45:20 Chemistry
44:26 Siege Engineers
45:26 Fletching
47:06 Bodkin Arrow
actions speak loudr than wololoo
11:28 Feudal Age
15:38 Castle Age
13:46 Horse Collar
14:55 Double-Bit Axe
15:03 Gold Mining
17:07 Stone Mining
17:52 Redemption
18:53 Sanctity
19:44 Scale Mail Armor
20:52 Forging
28:27 Gold Shaft Mining
29:31 Wheelbarrow
33:29 Imperial Age
31:51 Eagle Warrior
32:32 Squires
33:09 Iron Casting
32:49 Chain Mail Armor
34:57 Garland Wars
34:58 Conscription
35:40 Elite Eagle Warrior
35:51 Pikeman
sebas4fr
3:31 Loom
10:25 Feudal Age
11:42 Double-Bit Axe
14:26 Castle Age
13:18 Horse Collar
15:58 Wheelbarrow
15:09 Town Watch
15:39 Bow Saw
23:30 Hand Cart
25:14 Heavy Plow
28:14 Imperial Age
26:55 Scale Mail Armor
27:05 Forging
27:53 Chain Mail Armor
30:49 Iron Casting
30:44 Plate Mail Armor
32:10 Conscription
31:21 Vendel Legacy
32:07 Elite Varangian Guard
32:33 Gambesons
32:49 Squires
32:34 Arson
33:53 Blast Furnace
32:56 Town Patrol
32:57 Treadmill Crane
33:27 Masonry
34:18 Chemistry
36:46 Illumination
39:44 Scale Barding Armor
39:03 Pikeman
42:09 Chain Barding Armor
42:34 Architecture
42:26 Ballistics
42:11 Siege Engineers
42:17 Onager
42:53 Gold Mining
42:53 Stone Mining
43:09 Husbandry
43:11 Halberdier
45:03 Stone Shaft Mining
44:40 Bloodlines
43:58 Cavalier
44:55 Fortified Wall
Chexco9004
10:58 Feudal Age
15:37 Castle Age
14:09 Double-Bit Axe
16:13 Loom
24:34 Horse Collar
25:44 Fortified Wall
29:28 Heavy Plow
30:28 Bow Saw
32:26 Wheelbarrow
35:17 Imperial Age
35:20 Heavy Scorpion
37:14 Chemistry
43:17 Furor Celtica
43:27 Conscription
45:49 Ballistics
48:22 Elite Woad Raider
49:06 Scale Mail Armor
49:17 Forging
48:57 Gambesons
49:13 Pikeman
50:00 Halberdier
Kimsin_Sen
9:53 Feudal Age
13:37 Castle Age
11:43 Double-Bit Axe
11:54 Horse Collar
14:18 Bow Saw
14:32 Heavy Plow
16:41 Loom
22:25 Wheelbarrow
23:50 Hand Cart
27:12 Gold Mining
30:28 Imperial Age
28:06 Town Watch
28:46 Scale Barding Armor
31:08 Conscription
32:07 Chain Barding Armor
31:46 Stone Mining
32:50 Kamandaran
33:17 Devotion
33:57 Fletching
34:03 Crossbowman
34:39 Bodkin Arrow
36:04 Two-Man Saw
37:01 Thumb Ring
38:08 Plate Barding Armor
38:35 Ballistics
39:16 Chemistry
39:09 Husbandry
39:38 Padded Archer Armor
40:38 Leather Archer Armor
41:07 Forging
41:24 Bloodlines
41:49 Ring Archer Armor
43:56 Faith
43:06 Elite War Elephant
45:02 Iron Casting
44:31 Capped Ram
46:20 Hoardings
47:50 Light Cavalry
48:58 Hussar
51:23 Siege Ram
53:02 Crop Rotation
2204528
3:03 Loom
8:22 Loom
10:17 Feudal Age
16:08 Castle Age
15:14 Stone Mining
15:12 Double-Bit Axe
15:20 Gold Mining
15:19 Horse Collar
17:49 Stone Shaft Mining
29:00 Forging
28:56 Scale Barding Armor
29:29 Bow Saw
29:24 Heavy Plow
31:38 Chain Barding Armor
32:07 Bloodlines
31:58 Husbandry
32:30 Husbandry
33:55 Gold Shaft Mining
41:11 Imperial Age
39:43 Iron Casting
43:01 Conscription
42:52 Elite Iron Pagoda
44:28 Plate Barding Armor
44:53 Blast Furnace
43:45 Fletching
44:01 Elite Steppe Lancer
45:09 Murder Holes
52:53 Wheelbarrow
Connection lost

Rejoining the realm…

Still unreachable

The connection could not be restored.

Session expired

The server has moved on; the page needs a fresh start.